PAAA
CALGARY LYNX @ BALTIMORE BLACK SOX
05/05/2034
 
TOP OF THE 1ST
Calgary Lynx batting - Pitching for Baltimore Black Sox : RHP Charlie Fairthorne
Pitching: RHP Charlie Fairthorne
Batting: RHB Jing-sheng Joo 0-0: Ball
1-0: Ground out 6-3 (Groundball, 6)
Batting: LHB Daniel García 0-0: Hit by Pitch
Batting: LHB Michael Ward 0-0: Ball
1-0: Reached on error, E4 (Popup, 4MD)
Daniel García to second
Batting: RHB Hani Azwan 0-0: Called Strike
0-1: SINGLE (Line Drive, 4MD)
Daniel García to third
Michael Ward to second
Batting: RHB José de la Cavallería 0-0: Ball
1-0: Ball
2-0: Ball
3-0: Called Strike
3-1: DOUBLE (Flyball, 8RXD)
Daniel García scores
Michael Ward scores
Hani Azwan to third
Batting: RHB Cody Jaeckel 0-0: Ball
1-0: Called Strike
1-1: Foul Ball, location: 2F
1-2: Ball
Wild Pitch!
Hani Azwan scores
José de la Cavallería to third
2-2: Ball
3-2: Ground out 6-3 (Groundball, 6MS)
José de la Cavallería scores
Batting: RHB Júlio Vargas 0-0: Ball
1-0: Ball
2-0: Ball
3-0: Base on Balls
Batting: RHB Luis Delvalle 0-0: SINGLE (Groundball, 34D)
Júlio Vargas to second
Runner from 2nd tries for 3rd, SAFE, throw made to third
Batting: RHB Rubén Medina 0-0: Called Strike
0-1: Foul Ball, location: 2F
0-2: Fielders Choice at 2nd, 6-4 (Groundball, 6)
Top of the 1st over - 4 runs, 3 hits, 1 error, 2 left on base; Calgary 4 - Baltimore 0
BOTTOM OF THE 1ST
Baltimore Black Sox batting - Pitching for Calgary Lynx : RHP Lorenzo Díaz
Pitching: RHP Lorenzo Díaz
Batting: LHB Ramón Flores 0-0: Foul Ball, location: 2F
0-1: Fly out, F8 (Line Drive, 8RD)
Batting: RHB Raúl Cicerón 0-0: Ball
1-0: Swinging Strike
1-1: Ball
2-1: Ball
3-1: Foul Ball, location: 2F
3-2: Fly out, F3 (Line Drive, 3)
Batting: LHB Roberto Vázquez 0-0: Ball
1-0: Called Strike
1-1: SINGLE (Line Drive, 4M)
Batting: RHB Jeb Sexton 0-0: Ball
1-0: Called Strike
1-1: Ball
2-1: Reached on error, E4 (Groundball, 4)
Roberto Vázquez to third
Batting: SHB Alex Mable 0-0: Ball
1-0: Ball
2-0: Ball
3-0: Called Strike
3-1: Swinging Strike
3-2: Foul Ball, location: 2F
3-2: Base on Balls
Batting: LHB Tomás Valenzuela 0-0: Ball
1-0: Called Strike
1-1: Ball
2-1: Ball
3-1: Base on Balls
Roberto Vázquez scores
Jeb Sexton to third
Alex Mable to second
Batting: RHB Lee Storment 0-0: Ground out 4-3 (Groundball, 4)
Bottom of the 1st over - 1 run, 1 hit, 1 error, 3 left on base; Calgary 4 - Baltimore 1
TOP OF THE 2ND
Calgary Lynx batting - Pitching for Baltimore Black Sox : RHP Charlie Fairthorne
Batting: RHB Jing-sheng Joo 0-0: Foul Ball, location: 2F
0-1: Ball
1-1: Ball
2-1: Ground out 6-3 (Groundball, 6M)
Batting: LHB Daniel García 0-0: Ball
1-0: Ball
2-0: Ball
3-0: Base on Balls
Batting: LHB Michael Ward 0-0: Ball
1-0: Fly out, F2 (Popup, 25F)
Batting: RHB Hani Azwan 0-0: Ball
1-0: Foul Ball, location: 2F
1-1: Called Strike
1-2: Fly out, F8 (Flyball, 8LS)
Top of the 2nd over - 0 runs, 0 hits, 0 errors, 1 left on base; Calgary 4 - Baltimore 1
BOTTOM OF THE 2ND
Baltimore Black Sox batting - Pitching for Calgary Lynx : RHP Lorenzo Díaz
Batting: LHB Marcos Costa 0-0: Called Strike
0-1: Swinging Strike
0-2: Ball
1-2: Fly out, F7 (Flyball, 7LS)
Batting: RHB Edward Payne 0-0: Called Strike
0-1: Foul Ball, location: 2F
0-2: Ball
1-2: Ground out 3-1 (Groundball, 23)
Batting: LHB Ramón Flores 0-0: Called Strike
0-1: Called Strike
0-2: Foul Ball, location: 2F
0-2: Ball
1-2: Ball
2-2: Strikes out swinging
Bottom of the 2nd over - 0 runs, 0 hits, 0 errors, 0 left on base; Calgary 4 - Baltimore 1
TOP OF THE 3RD
Calgary Lynx batting - Pitching for Baltimore Black Sox : RHP Charlie Fairthorne
Batting: RHB José de la Cavallería 0-0: Swinging Strike
0-1: Ball
1-1: Fly out, F8 (Line Drive, 8RM)
Batting: RHB Cody Jaeckel 0-0: Ball
1-0: Ball
2-0: Called Strike
2-1: SINGLE (Line Drive, 89S)
Batting: RHB Júlio Vargas 0-0: Ball
1-0: Ball
2-0: Foul Ball, location: 2F
2-1: Called Strike
2-2: SINGLE (Groundball, 56D)
Cody Jaeckel to second
Batting: RHB Luis Delvalle 0-0: Swinging Strike
0-1: Ball
1-1: DOUBLE (Flyball, 78D)
Cody Jaeckel scores
Júlio Vargas to third
Batting: RHB Rubén Medina 0-0: Called Strike
0-1: Foul Ball, location: 2F
0-2: Ball
1-2: Ball
2-2: Ball
3-2: SINGLE (Groundball, 34D)
Júlio Vargas scores
Luis Delvalle to third
Batting: RHB Jing-sheng Joo 0-0: DOUBLE (Line Drive, 8RD)
Luis Delvalle scores
Rubén Medina to third
Pitching: RHP Chris Hayes
Batting: LHB Daniel García 0-0: Ball
1-0: Ball
2-0: Ball
3-0: Called Strike
3-1: Called Strike
3-2: Foul Ball, location: 2F
3-2: Strikes out swinging
Batting: LHB Michael Ward 0-0: Called Strike
0-1: Called Strike
0-2: Fly out, F5 (Popup, 5L)
Top of the 3rd over - 3 runs, 5 hits, 0 errors, 2 left on base; Calgary 7 - Baltimore 1
BOTTOM OF THE 3RD
Baltimore Black Sox batting - Pitching for Calgary Lynx : RHP Lorenzo Díaz
Batting: RHB Raúl Cicerón 0-0: Ball
1-0: Foul Ball, location: 2F
1-1: Ball
2-1: Ball
3-1: Foul Ball, location: 2F
3-2: Foul Ball, location: 2F
3-2: DOUBLE (Line Drive, 7D)
Batting: LHB Roberto Vázquez 0-0: Ball
1-0: SINGLE (Line Drive, 34)
Raúl Cicerón to third
Batting: RHB Jeb Sexton 0-0: Ball
1-0: Swinging Strike
1-1: Foul Ball, location: 2F
1-2: Ball
2-2: Fly out, F9 (Flyball, 9)
Runner from 3rd tags up, SCORES, no throw
Batting: SHB Alex Mable 0-0: Called Strike
0-1: Foul Ball, location: 2F
0-2: Ball
1-2: Ball
2-2: DOUBLE (Line Drive, 8RXD)
Roberto Vázquez to third
Runner from 3rd tries for Home, SAFE, no throw
Batting: LHB Tomás Valenzuela 0-0: Called Strike
0-1: Foul Ball, location: 2F
0-2: Ball
1-2: Ball
2-2: Ball
3-2: Foul Ball, location: 2F
3-2: Foul Ball, location: 2F
3-2: Ground out 4-3 (Groundball, 4)
Alex Mable to third
Batting: RHB Lee Storment 0-0: Ball
1-0: Ball
2-0: Ball
3-0: Called Strike
3-1: Foul Ball, location: 2F
3-2: Base on Balls
Batting: LHB Marcos Costa 0-0: Ball
1-0: Swinging Strike
1-1: Ball
2-1: Called Strike
2-2: Strikes out swinging
Bottom of the 3rd over - 2 runs, 3 hits, 0 errors, 2 left on base; Calgary 7 - Baltimore 3
TOP OF THE 4TH
Calgary Lynx batting - Pitching for Baltimore Black Sox : RHP Chris Hayes
Batting: RHB Hani Azwan 0-0: Called Strike
0-1: Foul Ball, location: 2F
0-2: Ball
1-2: Ball
2-2: Fly out, F8 (Flyball, 8RS)
Batting: RHB José de la Cavallería 0-0: Called Strike
0-1: Ball
1-1: SINGLE (Groundball, 5D)
Batting: RHB Cody Jaeckel 0-0: SINGLE (Groundball, 5D)
José de la Cavallería to second
Batting: RHB Júlio Vargas 0-0: Ball
1-0: Called Strike
1-1: Called Strike
1-2: Grounds into double play, 4-6-3 (Groundball, 4)
Top of the 4th over - 0 runs, 2 hits, 0 errors, 1 left on base; Calgary 7 - Baltimore 3
BOTTOM OF THE 4TH
Baltimore Black Sox batting - Pitching for Calgary Lynx : RHP Lorenzo Díaz
Batting: RHB Edward Payne 0-0: Ball
1-0: DOUBLE (Flyball, 78D)
Batting: LHB Ramón Flores 0-0: Called Strike
0-1: Ball
1-1: SINGLE (Groundball, 6MD)
Edward Payne to third
Batting: RHB Raúl Cicerón 0-0: Called Strike
Ramón Flores steals 2nd base
0-1: Foul Ball, location: 2F
0-2: SINGLE (Line Drive, 89M)
Edward Payne scores
Ramón Flores to third
Batting: LHB Roberto Vázquez 0-0: Foul Ball, location: 2F
0-1: Ball
1-1: Ball
2-1: Ball
3-1: Base on Balls
Raúl Cicerón to second
Batting: RHB Jeb Sexton 0-0: Ball
1-0: SINGLE (Groundball, 34D)
Ramón Flores scores
Raúl Cicerón to third
Roberto Vázquez to second
Runner from 3rd tries for Home, SAFE, no throw
Batting: SHB Alex Mable 0-0: Foul Ball, location: 2F
0-1: Fly out, F7 (Flyball, 78D)
Batting: LHB Tomás Valenzuela 0-0: Ball
1-0: Foul Ball, location: 2F
1-1: Ball
2-1: Called Strike
2-2: Ball
3-2: Foul Ball, location: 2F
3-2: Base on Balls
Roberto Vázquez to third
Jeb Sexton to second
Pitching: LHP Adrian Neumann
Batting: RHB Lee Storment 0-0: DOUBLE (Line Drive, 7LS)
Roberto Vázquez scores
Jeb Sexton scores
Tomás Valenzuela to third
Runner from 3rd tries for Home, SAFE, no throw
Batting: LHB Marcos Costa 0-0: Ball
1-0: Ball
2-0: Foul Ball, location: 2F
2-1: Foul Ball, location: 2F
2-2: Ground out 4-3 (Groundball, 4)
Lee Storment to third
Batting: RHB Edward Payne 0-0: Foul Ball, location: 2F
0-1: Ball
1-1: Ball
2-1: Ball
3-1: Base on Balls
Batting: LHB Ramón Flores 0-0: SINGLE (Groundball, 4D)
Lee Storment scores
Edward Payne to second
Batting: RHB Raúl Cicerón 0-0: Foul Ball, location: 2F
0-1: Foul Ball, location: 2F
0-2: Foul Ball, location: 2F
0-2: Ball
1-2: Ground out 3-1 (Groundball, 34S)
Bottom of the 4th over - 7 runs, 6 hits, 0 errors, 2 left on base; Calgary 7 - Baltimore 10
TOP OF THE 5TH
Calgary Lynx batting - Pitching for Baltimore Black Sox : RHP Chris Hayes
Batting: RHB Luis Delvalle 0-0: SINGLE (Groundball, 56D)
Batting: RHB Rubén Medina 0-0: Sac Bunt - play at first, batter OUT! 3-4
Luis Delvalle to second
Batting: RHB Jing-sheng Joo 0-0: Ball
1-0: Called Strike
1-1: Ball
2-1: Called Strike
2-2: Foul Ball, location: 2F
2-2: Foul Ball, location: 2F
2-2: Strikes out swinging
Batting: LHB Daniel García 0-0: Foul Ball, location: 2F
0-1: Ball
1-1: Reached on error, E3 (Groundball, 23)
Luis Delvalle to third
Batting: LHB Michael Ward 0-0: Called Strike
0-1: Ball
1-1: Fly out, F8 (Flyball, 8LD)
Top of the 5th over - 0 runs, 1 hit, 1 error, 2 left on base; Calgary 7 - Baltimore 10
BOTTOM OF THE 5TH
Baltimore Black Sox batting - Pitching for Calgary Lynx : LHP Adrian Neumann
Batting: LHB Roberto Vázquez 0-0: Swinging Strike
0-1: Swinging Strike
0-2: Strikes out looking
Batting: RHB Jeb Sexton 0-0: Ball
1-0: Foul Ball, location: 2F
1-1: Ball
2-1: Fly out, F9 (Flyball, 89S)
Batting: SHB Alex Mable 0-0: Foul Ball, location: 2F
0-1: Ball
1-1: Foul Ball, location: 2F
1-2: Ball
2-2: Strikes out swinging
Bottom of the 5th over - 0 runs, 0 hits, 0 errors, 0 left on base; Calgary 7 - Baltimore 10
TOP OF THE 6TH
Calgary Lynx batting - Pitching for Baltimore Black Sox : RHP Chris Hayes
Batting: RHB Hani Azwan 0-0: Fly out, F8 (Line Drive, 89M)
Batting: RHB José de la Cavallería 0-0: Swinging Strike
0-1: Ball
1-1: Called Strike
1-2: Foul Ball, location: 2F
1-2: Strikes out swinging
Batting: RHB Cody Jaeckel 0-0: Ball
1-0: Ball
2-0: Called Strike
2-1: Foul Ball, location: 2F
2-2: Foul Ball, location: 2F
2-2: Fly out, F8 (Flyball, 8LD)
Top of the 6th over - 0 runs, 0 hits, 0 errors, 0 left on base; Calgary 7 - Baltimore 10
BOTTOM OF THE 6TH
Baltimore Black Sox batting - Pitching for Calgary Lynx : LHP Adrian Neumann
Batting: LHB Tomás Valenzuela 0-0: Called Strike
0-1: Foul Ball, location: 2F
0-2: Ground out U3 (Groundball, 3)
Batting: RHB Lee Storment 0-0: Ball
1-0: Ground out 4-3 (Groundball, 4)
Batting: LHB Marcos Costa 0-0: Ball
1-0: Ball
2-0: Swinging Strike
2-1: SINGLE (Line Drive, 89S)
Batting: RHB Edward Payne 0-0: Ball
1-0: Foul Ball, location: 2F
1-1: Called Strike
1-2: SINGLE (Groundball, 6MD)
Marcos Costa to second
Runner from 2nd tries for 3rd, SAFE, no throw
Batting: LHB Ramón Flores 0-0: Ball
1-0: Ball
2-0: Ball
3-0: Base on Balls
Edward Payne to second
Batting: RHB Raúl Cicerón 0-0: Called Strike
0-1: Ball
1-1: Foul Ball, location: 2F
1-2: Foul Ball, location: 2F
1-2: Ball
2-2: Ball
3-2: Foul Ball, location: 2F
3-2: Ground out 6-3 (Groundball, 56)
Bottom of the 6th over - 0 runs, 2 hits, 0 errors, 3 left on base; Calgary 7 - Baltimore 10
TOP OF THE 7TH
Calgary Lynx batting - Pitching for Baltimore Black Sox : RHP Chris Hayes
Batting: RHB Júlio Vargas 0-0: Called Strike
0-1: Foul Ball, location: 2F
0-2: Ball
1-2: Strikes out looking
Batting: RHB Luis Delvalle 0-0: Foul Ball, location: 2F
0-1: Ball
1-1: Foul Ball, location: 2F
1-2: Foul Ball, location: 2F
1-2: Ball
2-2: Foul Ball, location: 2F
2-2: Ball
3-2: Fly out, F7 (Flyball, 7)
Batting: RHB Rubén Medina 0-0: Called Strike
0-1: Foul Ball, location: 2F
0-2: Ball
1-2: Ball
2-2: Fly out, F8 (Flyball, 8LD)
Top of the 7th over - 0 runs, 0 hits, 0 errors, 0 left on base; Calgary 7 - Baltimore 10
BOTTOM OF THE 7TH
Baltimore Black Sox batting - Pitching for Calgary Lynx : LHP Adrian Neumann
Batting: LHB Roberto Vázquez 0-0: Ground out 1-3 (Groundball, P)
Batting: RHB Jeb Sexton 0-0: Ball
1-0: Ground out 4-3 (Groundball, 4)
Batting: SHB Alex Mable 0-0: Ball
1-0: SINGLE (Groundball, 6MD)
Pitching: LHP Felipe Machado
Batting: LHB Tomás Valenzuela 0-0: Ball
1-0: Foul Ball, location: 2F
1-1: Called Strike
Alex Mable steals 2nd base
1-2: Foul Ball, location: 2F
1-2: Ball
2-2: Ball
3-2: Strikes out swinging
Bottom of the 7th over - 0 runs, 1 hit, 0 errors, 1 left on base; Calgary 7 - Baltimore 10
TOP OF THE 8TH
Calgary Lynx batting - Pitching for Baltimore Black Sox : RHP Chris Hayes
Batting: RHB Jing-sheng Joo 0-0: Called Strike
0-1: Called Strike
0-2: Foul Ball, location: 2F
0-2: Ball
1-2: Ground out 4-3 (Groundball, 4)
Pitching: RHP Jordan Turpin
Batting: LHB Daniel García 0-0: Called Strike
0-1: SOLO HOME RUN (Flyball, 78XD), Distance : 406 ft
Batting: LHB Michael Ward 0-0: Swinging Strike
0-1: TRIPLE (Flyball, 78XD)
Batting: RHB Hani Azwan 0-0: Foul Ball, location: 2F
0-1: Ball
1-1: Ball
2-1: Called Strike
2-2: Fly out, F7 (Flyball, 78M)
Runner from 3rd tags up, SCORES, throw made
Batting: RHB José de la Cavallería 0-0: Fly out, F3 (Popup, 3L)
Top of the 8th over - 2 runs, 2 hits, 0 errors, 0 left on base; Calgary 9 - Baltimore 10
BOTTOM OF THE 8TH
Baltimore Black Sox batting - Pitching for Calgary Lynx : LHP Felipe Machado
Batting: RHB Lee Storment 0-0: Foul Ball, location: 2F
0-1: Called Strike
0-2: Ball
1-2: Fly out, F4 (Popup, 4S)
Batting: LHB Marcos Costa 0-0: Ball
1-0: Foul Ball, location: 2F
1-1: Called Strike
1-2: Strikes out swinging
Batting: RHB Edward Payne 0-0: Called Strike
0-1: Ball
1-1: Ball
2-1: Called Strike
2-2: Strikes out swinging
Bottom of the 8th over - 0 runs, 0 hits, 0 errors, 0 left on base; Calgary 9 - Baltimore 10
TOP OF THE 9TH
Calgary Lynx batting - Pitching for Baltimore Black Sox : RHP Jordan Turpin
Pitching: RHP Bob Christison
Now in RF: Maikel Cobblepot
Pinch Hitting: LHB Xuan-ling Chen 0-0: Ball
1-0: Called Strike
1-1: Ball
2-1: Foul Ball, location: 2F
2-2: Ground out 6-3 (Groundball, 6M)
Batting: RHB Júlio Vargas 0-0: Foul Ball, location: 2F
0-1: Ball
1-1: Foul Ball, location: 2F
1-2: Ground out 5-3 (Groundball, 5)
Batting: RHB Luis Delvalle 0-0: Foul Ball, location: 2F
0-1: Ball
1-1: Ball
2-1: Foul Ball, location: 2F
2-2: Foul Ball, location: 2F
2-2: Foul Ball, location: 2F
2-2: Foul Ball, location: 2F
2-2: Ball
3-2: Foul Ball, location: 2F
3-2: Ground out 6-3 (Groundball, 6)
Top of the 9th over - 0 runs, 0 hits, 0 errors, 0 left on base; Calgary 9 - Baltimore 10
Friday, March 29th, 2019 - OOTP Baseball 18.8 Build 76